 Dungeon Crawl Stone Soup version 0.20-a0-924-gfa95efa (webtiles) character file.

142 Njoerkh the Insei (level 5, -2/26 HPs)
             Began as a Vine Stalker Transmuter on Mar 26, 2017.
             Killed from afar by an orc wizard (3 damage)
             ... with a puff of flame
             ... on level 4 of the Dungeon on Mar 27, 2017.
             The game lasted 00:57:51 (3593 turns).

Njoerkh the Insei (Vine Stalker Transmuter)         Turns: 3593, Time: 00:57:54

Health: -2/26      AC:  2    Str: 13    XL:     5   Next: 25%
Magic:  0/9        EV: 12    Int: 14    God:
Gold:   145        SH:  0    Dex: 14    Spells: 2/8 levels left

rFire    + . .     SeeInvis .     - Unarmed
rCold    . . .     Gourm    .   (no shield)
rNeg     . . .     Faith    .   o - +0 robe
rPois    .         Spirit   +   (no helmet)
rElec    .         Reflect  .   (no cloak)
rCorr    .         Harm     .   (no gloves)
MR       .....                  (no boots)
Stlth    +.........             (no amulet)
Regen    0.5/turn               s - ring of protection from fire
MPRegen  0.2/turn               (no ring)

@: lethally poisoned (-2 -> -2), appendage
A: fangs 2, horns 2, regeneration 1, magic shield, antimagic bite, no potion
heal 3, rot immunity
a: End Transformation


You were on level 4 of the Dungeon.
You were not hungry.
You had grown temporary horns.
You visited 1 branch of the dungeon, and saw 4 of its levels.

You collected 145 gold pieces.

Inventory:

Hand Weapons
 f - a +0 hunting sling
 g - a +1 dagger
Missiles
 a - 56 arrows
 d - 12 sling bullets
 h - 76 stones (quivered)
Armour
 o - a +0 robe (worn)
Jewellery
 k - an uncursed amulet of faith
 p - an uncursed ring of fire
 s - a ring of protection from fire (left hand)
Scrolls
 b - a scroll of identify
 i - a scroll of enchant weapon
 w - a scroll of amnesia
Potions
 e - a potion of magic
 m - a potion of flight {unknown}
 r - a potion of mutation {unknown}
 t - a potion of heal wounds {unknown}
 u - a potion of brilliance {unknown}
Books
 c - a book of Changes

   Spells                             Type                      Level
   a - Beastly Appendage              Transmutation                1
   b - Sticks to Snakes               Transmutation                2
   c - Spider Form                    Transmutation/Poison         3
   d - Ice Form                       Ice/Transmutation            4
   e - Blade Hands                    Transmutation                5
Comestibles
 j - a royal jelly
 l - 3 fruits
 n - 4 meat rations
 q - 3 bread rations
 x - a chunk of flesh


   Skills:
 - Level 2.0 Fighting
 - Level 1.5 Dodging
 + Level 4.4 Unarmed Combat
 - Level 2.1 Spellcasting
 + Level 3.0 Transmutations
 * Level 1.5 Poison Magic


You had 2 spell levels left.
You knew the following spells:

 Your Spells              Type           Power        Failure   Level  Hunger
a - Beastly Appendage     Tmut           #.....       10%         1    #......
b - Sticks to Snakes      Tmut           #.......     12%         2    ###....
c - Spider Form           Tmut/Pois      #.........   30%         3    ###....


Dungeon Overview and Level Annotations

Branches:
Dungeon (4/15)
 Temple: D:4-7

Altars:
Nemelex Xobeh

Annotations:
D:4 Herrn's ghost, amateur OpWn


Innate Abilities, Weirdness & Mutations

You have extremely sharp teeth.
Your natural rate of healing is unusually fast.
When hurt, damage is shared between your health and your magic reserves.
Your bite disrupts and absorbs the magic of your enemies.
Potions cannot restore your health.
You are immune to rotting.
You have a pair of horns on your head.


Message History

Your ball python dies!
Something hits you. The adder bites you. The jackal bites you.
You hit something but do no damage. Your headbutt misses something.
Your bite misses something. Something hits you. The jackal closely misses you.
The adder bites you but does no damage.
You hit something.
You feel sick. Something hits you.
* * * LOW HITPOINT WARNING * * *
The jackal bites you.
* * * LOW HITPOINT WARNING * * *
The adder barely misses you. The phantom hits you.
* * * LOW HITPOINT WARNING * * *
Something barely misses you.
As you read the scroll labeled VITOLU TEHETHRI, it crumbles to dust.
The creatures around you are filled with an inner flame!
It was a scroll of immolation.
The jackal closely misses you. The adder closely misses you.
You hear some strange, mumbled words.
A puff of flame appears from out of thin air!
The puff of flame hits you! You resist.
You die...

#### #...##.
##.......
#........
#........
..######h.......
.......@<.......
##....W.S......?
####.#######...
... . #..# #..#
#.# #.


You could see a phantom (inner flame), an adder (inner flame) and a jackal
(inner flame).

Vanquished Creatures
  An orc wizard (D:3)
  An adder (D:1)
  An ooze (D:2)
  2 worms (D:3)
  3 dart slugs
  3 leopard geckos
  4 orcs (D:3)
  4 bats
  3 giant cockroaches
  15 goblins
  8 hobgoblins
  9 jackals
  4 kobolds
  2 quokkas
  7 frilled lizards
  7 rats
74 creatures vanquished.

Vanquished Creatures (collateral kills)
  Robin (D:2)
  2 goblins (D:2)
  A hobgoblin (D:2)
  A jackal (D:3)
5 creatures vanquished.

Grand Total: 79 creatures vanquished

Notes
Turn   | Place    | Note
-------+----------+-------------------------------------------
     0 | D:1      | Njoerkh the Vine Stalker Transmuter began the quest for the Orb.
     0 | D:1      | Reached XP level 1. HP: 9/9 MP: 4/4
    38 | D:1      | Reached skill level 1 in Fighting
   110 | D:1      | Reached XP level 2. HP: 10/14 MP: 3/6
   926 | D:2      | Reached XP level 3. HP: 16/18 MP: 7/7
   954 | D:2      | Noticed Robin
  1077 | D:1      | Learned a level 2 spell: Sticks to Snakes
  1081 | D:1      | Learned a level 3 spell: Spider Form
  1962 | D:2      | Killed Robin
  1962 | D:2      | Gained mutation: Your natural rate of healing is unusually fast. [Vine Stalker growth]
  1962 | D:2      | Reached XP level 4. HP: 23/23 MP: 3/8
  1972 | D:2      | Reached skill level 4 in Unarmed Combat
  2002 | D:2      | Upgraded the game from 0.20-a0-923-g548304e to 0.20-a0-924-gfa95efa
  2101 | D:2      | Reached skill level 1 in Poison Magic
  2416 | D:2      | Found a sparkling altar of Nemelex Xobeh.
  2871 | D:3      | Reached XP level 5. HP: 11/26 MP: 3/9
  2996 | D:4      | Noticed Herrn's ghost (amateur OpWn)
  3024 | D:4      | Noticed an ogre
  3579 | D:4      | Noticed a phantom
  3592 | D:4      | HP: 1/26 [phantom (3)]
  3593 | D:4      | Killed from afar by an orc wizard

Vault maps used:
D:1:      grunt_arrival_crossed_arrows
D:2:      nemelex_spade_bored_becter, uniq_robin
D:3:      first_bread, fountainhead
D:4:      fedhas_altar_2, gup_sewer_entry_pipe, chequers_ossuary_entry_cave,
          serial_shops, shop, uniq_pikel, uniq_grinder, uniq_duvessa

Skill      XL: |  1  2  3  4  5 |
---------------+----------------+-----
Fighting       | 1 2 |  2.0
Unarmed Combat | 4 |  4.4
Poison Magic   | 1 |  1.5
Transmutations | 3 |  3.0
Dodging        | |  1.5
Spellcasting   | |  2.1

Action                   |  1- 3 |  4- 6 || total
-------------------------+-------+-------++-------
Melee: Unarmed           |   107 |   111 ||   218
       Bite              |    27 |    16 ||    43
       Headbutt          |     7 |     8 ||    15
       Kick              |    12 |    12 ||    24
Throw: Stone             |    18 |    40 ||    58
 Cast: Beastly Appendage |    25 |    18 ||    43
       Sticks to Snakes  |     4 |     6 ||    10
       Spider Form       |       |     1 ||     1
  Use: Scroll            |     3 |     4 ||     7
 Stab: Sleeping          |     1 |     2 ||     3
  Eat: Chunk             |     1 |     4 ||     5
       Bread ration      |     1 |       ||     1
       Fruit             |     1 |       ||     1
Armor: Robe              |    25 |    13 ||    38
Dodge: Dodged            |    65 |    72 ||   137
